Map: Blackburn LE

Players

Classic

  • Race: Protoss Protoss

LiquidClem (Clem) - Winner!

  • Race: Terran Terran

Event: StayAtHome Story Cup #4

VOD

Have the link to the VOD?

Description

Time

  • Played on: Oct. 22, 2021, 11:33 a.m.
  • Length: 8:57

All games in this series

Show
View Real Time Build Order
Export as new Build Order

Classic Protoss 

Build Orders: 1 Gate Expand, Phoenix Opening 

Get SALT Encoding   

  12  0:00  Probe  
  13  0:12  Probe  
  14  0:17  Pylon  
  14  0:24  Probe  
  15  0:35  Gateway  
  15  0:37  Probe (Chrono Boost)  
  16  0:46  Probe (Chrono Boost), Assimilator  
  17  0:51  Probe (Chrono Boost)  
  18  1:03  Probe  
  19  1:15  Probe  
  20  1:24  Nexus  
  20  1:34  Cybernetics Core  
  20  1:37  Probe  
  21  1:43  Assimilator  
  21  1:50  Probe  
  21  1:53  Pylon  
  22  2:02  Probe  
  23  2:09  Adept (Chrono Boost)  
  23  2:14  Probe  
  26  2:18  Stargate  
  26  2:24  Warp Gate  
  26  2:26  Probe  
  27  2:31  Adept  
  29  2:40  Shield Battery  
  29  2:42  Probe (Chrono Boost)  
  29  2:43  Probe (Chrono Boost)  
  32  2:52  Probe (Chrono Boost)  
  32  2:53  Probe (Chrono Boost)  
  32  2:57  Probe (Chrono Boost)  
  32  2:58  Probe (Chrono Boost)  
  33  3:01  Adept  
  37  3:07  Phoenix (Chrono Boost)  
  37  3:10  Probe  
  41  3:12  Probe  
  41  3:16  Pylon  
  41  3:22  Probe  
  41  3:24  Probe  
  41  3:25  Phoenix (Chrono Boost)  
  45  3:33  Pylon  
  45  3:39  Probe x2  
  47  3:48  Phoenix  
  47  3:55  Gateway  
  47  4:13  Stalker, Phoenix  
  51  4:23  Probe x2  
  53  4:25  Pylon  
  53  4:30  Pylon  
  53  4:35  Probe  
  54  4:43  Pylon, Probe, Phoenix (Chrono Boost)  
  54  4:45  Assimilator  
  55  4:54  Probe  
  55  4:55  Probe  
  55  4:57  Stalker x2  
  57  5:04  Shield Battery  
  57  5:05  Phoenix (Chrono Boost)  
  57  5:07  Gateway  
  57  5:21  Stalker x2  
  61  5:29  Nexus  
  61  5:37  Twilight Council  
  61  5:38  Forge  
  61  5:40  Probe  
  61  5:41  Probe  
  63  5:46  Pylon  
  63  5:50  Phoenix  
  63  5:54  Stalker  
  67  5:58  Probe x2  
  67  6:03  Stalker  
  69  6:07  Stalker  
  69  6:15  Phoenix  
  69  6:22  Stalker  
  71  6:30  Stalker  
  72  6:32  Stalker  
  65  6:51  Stalker  
  55  6:58  Charge  
  55  6:59  Stalker x2  
  55  7:01  Probe x2 (Chrono Boost)  
  59  7:03  Probe (Chrono Boost)  
  58  7:13  Probe x2 (Chrono Boost)  
  58  7:15  Probe (Chrono Boost)  
  57  7:17  Gateway  
  57  7:19  Gateway  
  57  7:21  Gateway, Probe x2 (Chrono Boost)  
  57  7:22  Probe (Chrono Boost)  
  60  7:26  Stalker, Zealot x2  
  60  7:27  Probe x2  
  60  7:29  Probe  
  66  7:33  Phoenix (Chrono Boost)  
  66  7:36  Gateway  
  69  7:40  Gateway  
  69  7:44  Pylon  
  69  7:55  Stalker, Phoenix (Chrono Boost)  
  69  7:56  Zealot x2  
  72  8:11  Stalker  
  74  8:12  Stalker  
  74  8:15  Zealot  
  74  8:17  Phoenix  
  80  8:22  Zealot x3  
  86  8:30  Pylon  
  86  8:35  Stalker x2  
  78  8:51  Zealot  
  78  8:52  Zealot  
Show
View Real Time Build Order
Export as new Build Order

LiquidClem Terran - Winner!

Build Orders: 1/1/1 

Get SALT Encoding   

  12  0:00  SCV  
  13  0:13  SCV  
  14  0:17  Supply Depot  
  14  0:25  SCV  
  15  0:38  SCV  
  15  0:40  Barracks  
  16  0:43  Refinery  
  16  0:50  SCV  
  16  0:53  Refinery  
  17  1:03  SCV  
  18  1:08  Supply Depot  
  18  1:15  SCV  
  19  1:30  Marine, Orbital Command  
  20  1:40  Factory  
  20  1:54  Barracks Reactor  
  20  1:56  SCV  
  21  2:08  SCV  
  22  2:19  Supply Depot  
  22  2:21  SCV  
  23  2:24  Hellion  
  23  2:25  Starport  
  25  2:31  Marine x2  
  27  2:45  Supply Depot, Hellion  
  27  2:49  SCV  
  30  2:58  Marine x2  
  32  3:01  Medivac  
  34  3:07  Hellion  
  36  3:15  Marine  
  36  3:16  Marine  
  38  3:26  Command Center  
  38  3:29  Factory Tech Lab  
  38  3:30  SCV  
  38  3:33  Marine  
  38  3:34  Marine  
  41  3:39  Supply Depot  
  41  3:42  Viking  
  43  3:51  Cyclone  
  43  3:55  Marine  
  47  4:00  Marine  
  48  4:03  SCV  
  47  4:14  Marine  
  47  4:15  SCV  
  47  4:16  Viking  
  49  4:21  Marine  
  48  4:26  Cyclone  
  48  4:27  SCV  
  49  4:34  Marine  
  49  4:38  Orbital Command  
  50  4:41  Marine  
  51  4:46  Viking  
  51  4:52  Marine  
  50  4:57  SCV  
  49  5:01  Cyclone  
  49  5:03  Marine  
  49  5:05  Barracks  
  49  5:07  SCV  
  54  5:09  Marine  
  54  5:13  SCV  
  56  5:18  Barracks  
  56  5:20  Viking  
  58  5:22  SCV  
  58  5:25  SCV  
  58  5:26  Marine  
  61  5:34  Siege Tank  
  61  5:35  SCV  
  65  5:36  Supply Depot  
  65  5:38  SCV, Marine  
  67  5:44  Marine  
  67  5:45  Engineering Bay  
  67  5:47  SCV  
  69  5:50  SCV  
  69  5:53  Refinery, Barracks Tech Lab  
  70  5:58  Marine  
  70  5:59  SCV  
  70  6:02  SCV, Marine  
  69  6:11  SCV  
  69  6:14  Stimpack, Marine  
  69  6:15  Marine  
  69  6:16  SCV  
  69  6:20  Marine  
  69  6:23  SCV, Marine  
  72  6:28  SCV  
  72  6:32  Marine  
  70  6:33  Marine  
  70  6:35  SCV  
  70  6:38  Factory Reactor, Marine, Starport Reactor  
  71  6:40  SCV  
  71  6:46  Marauder  
  66  6:48  SCV  
  66  6:51  Marine  
  66  6:52  SCV  
  66  6:54  Marauder  
  64  6:55  Marine  
  64  7:00  SCV  
  63  7:04  SCV  
  63  7:07  Refinery  
  64  7:09  Marine  
  64  7:10  Marine  
  64  7:12  SCV, Combat Shield  
  64  7:13  Supply Depot, Marine  
  64  7:14  Marine  
  66  7:16  SCV  
  66  7:19  Medivac  
  69  7:24  Supply Depot  
  69  7:25  Widow Mine  
  69  7:27  Marine  
  72  7:30  Widow Mine  
  72  7:31  Marine  
  72  7:32  Marauder  
  72  7:35  Marauder  
  72  7:36  SCV x2  
  81  7:47  Supply Depot  
  81  7:48  Widow Mine  
  82  7:52  Marine x2  
  82  7:58  Medivac  
  85  8:00  Command Center  
  85  8:01  Marauder  
  85  8:04  Marauder  
  88  8:09  Marine x2  
  88  8:11  SCV x2  
  92  8:14  Armory  
  92  8:17  Widow Mine  
  93  8:23  Widow Mine, Supply Depot  
  93  8:26  Marauder  
  97  8:27  Marine x2  
  97  8:30  Marauder  
  97  8:33  SCV  
  102  8:39  Supply Depot  
Tags
 
Add a new tag
Caveats
  • Supply blocks, unpowered buildings, or Contaminate may cause inaccurate times.
  • Supply counts are checked every 10 seconds.